 Dungeon Crawl Stone Soup version 0.31.0-11-ge490571c62 (webtiles) character file.

Game seed: 2018620105061605752

450 Skeral the Shooter (level 6, -1/51 HPs)
             Began as a Demonspawn Hunter on Feb 3, 2024.
             Slain by an orc priest
             ... wielding a +0 short sword
              (3 damage)
             ... on level 3 of the Dungeon.
             The game lasted 00:08:08 (3302 turns).

Skeral the Shooter (Demonspawn Hunter)              Turns: 3302, Time: 00:08:08

Health: -1/51      AC:  4    Str: 12    XL:     6   Next: 74%
Magic:  6/6        EV: 12    Int:  9    God:
Gold:   223        SH:  0    Dex: 18    Spells: 5/5 levels left

rFire   . . .        a - +0 shortbow
rCold   . . .        (shield currently unavailable)
rNeg    . . .        c - +0 leather armour
rPois   .            h - +0 helmet
rElec   .            (no cloak)
rCorr   .            (no gloves)
SInv    .            (no boots)
Will    .....        (no amulet)
Stlth   ++           (no ring)
HPRegen 0.28/turn    (no ring)
MPRegen 0.20/turn

%: no passive effects
@: no status effects
A: ignite blood 1, magic regeneration, demonic touch 1
a: no special abilities


You were on level 3 of the Dungeon.
You visited 1 branch of the dungeon, and saw 3 of its levels.
You also visited: Sewer.

You collected 223 gold pieces.


Innate Abilities, Weirdness & Mutations

Your demonic aura sometimes causes spilled blood to erupt in flames.
You regenerate magic rapidly.
Your touch may inflict minor irresistible damage on your foes.


   Skills:
 + Level 5.3 Fighting
 + Level 5.8 Ranged Weapons
 - Level 1.7 Dodging
 - Level 0.8 Stealth


You had 5 spell levels left.
You didn't know any spells.
Your spell library contained the following spells:

 Spells                   Type           Power      Damage    Failure   Level
 Mercury Vapours          Alch/Air       0%         N/A       61%         2
 Mephitic Cloud           Conj/Alch/Air  0%         N/A       83%         3
 Freezing Cloud           Conj/Ice/Air   0%         6-21      100%        5

Inventory:

Hand Weapons
 a - a +0 shortbow (weapon)
 b - a +1 dagger of speed
   (You took it off an orc on level 3 of the Dungeon)
Missiles
 j - 33 poisoned darts
Armour
 c - a +0 leather armour (worn)
 h - a +0 helmet (worn)
   (You found it on level 1 of the Dungeon)
Talismans
 n - a granite talisman
   (You found it on level 3 of the Dungeon)
Wands
 t - a wand of light (9)
   (You found it on level 3 of the Dungeon)
Scrolls
 d - a scroll of poison {unknown}
 i - a scroll of enchant weapon {unknown}
 k - 2 scrolls of enchant armour {unknown}
 l - 2 scrolls of noise {unknown}
 m - a scroll of fear {unknown}
 o - a scroll of teleportation {unknown}
 r - 4 scrolls of fog {unknown}
 s - 2 scrolls of identify {unknown}
 u - a scroll of butterflies
Potions
 e - a potion of curing {unknown}
 f - a potion of attraction {!q}
 g - a potion of heal wounds {unknown}
 p - a potion of magic
 q - a potion of brilliance {unknown}

Dungeon Overview and Level Annotations

Branches:
Dungeon (3/15) Zot: 15546   Sewer (visited)

Altars:
Hepliaklqana
Xom

Annotations:
D:2 Sigmund

.# ### ############ .#
############ #.........#
.# ....#.....#
#.........# .## #.......#
#......)..# ..###
###<....###.........# #
....#
#..)................#####
.####
###......##..............
.### .##
#.################.####
...# .⌠# #.....@oo...).#
#.# ##.###.#
#.#.####.####.# #.#
#.....## #.#.# #.# #.#
#......###.#.# +.' #.#
##.........#.# #.## #.#
##....####.#.. ... #..
##.....# #.#.# #.#
#......# #.#.# #.#
.......####.#


You could see an orc priest and an orc.


Message History

You shoot an arrow.
The arrow hits the orc priest but does no damage.
You shoot an arrow. The arrow barely misses the orc priest.
The arrow hits the orc.
The orc priest calls upon Beogh to heal the orc.
The orc's wounds heal themselves!
You shoot an arrow.
The arrow hits the orc priest but does no damage.
You shoot an arrow. The arrow closely misses the orc.
The arrow hits the orc priest but does no damage.
You shoot an arrow.
The arrow hits the orc but does no damage.
An orc comes into view. It is wielding a +0 club.
The orc priest calls down the wrath of Beogh upon you.
Pain shoots through your body! The orc closely misses you.
The orc moves out of view. 😕 HP[-4]
You take 4 damage, and now have 47/51 hp.
You shoot an arrow.
The arrow hits the orc priest but does no damage.
The orc hits you with a +0 mace.
The orc priest barely misses you. 😕 HP[-6]
You take 6 damage, and now have 41/51 hp.
You shoot an arrow.
The arrow completely misses the orc priest.
The orc shouts!
The orc hits you but does no damage.
The orc priest invokes the aid of Beogh against you.
Beogh smites you! 😮 HP[-10]
You take 10 damage, and now have 31/51 hp.
You shoot an arrow.
The arrow hits the orc priest but does no damage.
The orc barely misses you.
The orc priest closely misses you. 😮 HP[+1]
The orc priest attacks as it pursues you!
The orc priest closely misses you.
You shoot an arrow. The arrow hits the orc!
You kill the orc!
You shoot an arrow. The arrow barely misses the orc priest.
The orc priest looks satisfied for a moment. 😮 HP[+1]
You shoot an arrow.
The arrow hits the orc priest but does no damage.
The orc priest barely misses you.
You shoot an arrow.
The arrow hits the orc priest but does no damage.
The orc priest hits you with a +0 short sword. 😮 HP[-4]
You take 4 damage, and now have 29/51 hp.
You shoot an arrow.
The arrow hits the orc priest but does no damage.
The orc priest hits you with a +0 short sword. 😮 HP[-2]
You take 2 damage, and now have 27/51 hp.
You shoot an arrow.
The arrow hits the orc priest but does no damage.
The orc priest closely misses you.
The orc priest hits you with a +0 short sword.
* * * LOW HITPOINT WARNING * * *
😨 HP[-3]
You take 3 damage, and now have 24/51 hp.
You shoot an arrow.
The arrow hits the orc priest but does no damage.
The orc priest looks encouraged for a moment.
You shoot an arrow.
The arrow hits the orc priest but does no damage.
The orc priest invokes the aid of Beogh against you.
Beogh smites you!
* * * LOW HITPOINT WARNING * * *
😱 HP[-12]
You take 12 damage, and now have 12/51 hp.
MASSIVE DAMAGE!! (PAUSE)
You shoot an arrow.
The arrow completely misses the orc priest.
The arrow hits the orc but does no damage.
The orc priest hits you with a +0 short sword.
* * * LOW HITPOINT WARNING * * *
😱 HP[-6]
You take 6 damage, and now have 6/51 hp.
It was a potion of magic.
Magic courses through your body. The orc priest barely misses you.
You shoot an arrow. The arrow hits the orc priest.
The orc priest closely misses you. 😱 HP[+1]
You shoot an arrow. The arrow hits the orc priest.
The orc priest hits you with a +0 short sword.
* * * LOW HITPOINT WARNING * * *
😱 HP[-1]
You take 1 damage, and now have 6/51 hp.
You shoot an arrow. The arrow hits the orc priest.
The orc priest closely misses you.
The orc priest hits you with a +0 short sword.
* * * LOW HITPOINT WARNING * * *
😱 HP[-5]
You take 5 damage, and now have 1/51 hp.
You shoot an arrow.
The arrow hits the orc priest but does no damage.
The orc priest hits you with a +0 short sword.
You die...

Skill      XL: |  1  2  3  4  5  6 |
---------------+-------------------+-----
Ranged Weapons | 4 5 |  5.8
Fighting       | 3 4 5 |  5.3
Dodging        | |  1.7
Stealth        | |  0.8

Action                     |  1- 3 |  4- 6 || total
---------------------------+-------+-------++-------
   Fire: Shortbow          |   135 |   215 ||   350
    Use: Potion            |       |     2 ||     2
 Armour: Leather armour    |    30 |    52 ||    82
  Dodge: Dodged            |    26 |    49 ||    75

Levels and vault maps discovered:
D:1:      shiori_arrival_whats_in_store_for_you, layout_loops_corners
D:2:      layout_basic, uniq_sigmund, uniq_natasha
D:3:      minmay_door_path, layout_rooms, xom_confusion_cloud,
          nicolae_hepliaklqana_hazy_memory, mainiacjoe_overflow_swirl,
          portal_sewer_entry_b, ebering_ecumenical_altar_hall,
          minmay_increasing_density, uniq_robin

Notes
Turn   | Place    | Note
-------+----------+-------------------------------------------
     0 | D:1      | Skeral the Demonspawn Hunter began the quest for the Orb.
     0 | D:1      | Reached XP level 1. HP: 16/16 MP: 1/1
     0 | D:1      | Noticed a green draconian
     0 | D:1      | magus.rc [v1.10.3]
     1 | D:1      | Noticed an ice dragon
     2 | D:1      | Noticed an ice dragon
     4 | D:1      | Noticed an ice dragon
     4 | D:1      | Noticed a shadow dragon
     6 | D:1      | Noticed a tentacled monstrosity
     7 | D:1      | Noticed an orb of fire
     8 | D:1      | Noticed an ice dragon
     9 | D:1      | Noticed an iron dragon
    11 | D:1      | Noticed an orb of fire
    13 | D:1      | Noticed an orb of fire
    13 | D:1      | Noticed an iron dragon
    15 | D:1      | Noticed an orb of fire
    15 | D:1      | Noticed an iron dragon
    17 | D:1      | Noticed a shadow dragon
    17 | D:1      | Noticed a shadow dragon
    17 | D:1      | Noticed an ice dragon
    21 | D:1      | Noticed an iron dragon
   129 | D:1      | Gained mutation: Your touch may inflict minor irresistible
                  | damage on your foes. [demonic ancestry]
   129 | D:1      | Reached XP level 2. HP: 23/23 MP: 2/2
   503 | D:1      | Reached skill level 4 in Ranged Weapons
  1011 | D:2      | Gained mutation: You regenerate magic rapidly. [demonic
                  | ancestry]
  1011 | D:2      | Reached XP level 3. HP: 28/28 MP: 3/3
  1415 | D:2      | Noticed Sigmund
  1457 | D:3      | Reached skill level 3 in Fighting
  1570 | D:3      | Found a glowing drain.
  1703 | Sewer    | Entered a sewer
  1749 | Sewer    | magus.rc [v1.10.3]
  1750 | Sewer    | Reached XP level 4. HP: 35/35 MP: 4/4
  1908 | Sewer    | Noticed a kobold brigand
  1927 | Sewer    | Killed a kobold brigand
  1928 | Sewer    | Reached skill level 4 in Fighting
  1928 | Sewer    | Gained mutation: Your demonic aura sometimes causes spilled
                  | blood to erupt in flames. [demonic ancestry]
  1928 | Sewer    | Reached XP level 5. HP: 11/42 MP: 5/5
  2110 | Sewer    | Reached skill level 5 in Ranged Weapons
  2339 | Sewer    | Reached XP level 6. HP: 49/49 MP: 6/6
  2555 | Sewer    | Reached skill level 5 in Fighting
  2767 | D:3      | Found a hazy altar of Hepliaklqana.
  2772 | D:3      | You pick up a book of Vapours and begin reading...
  2772 | D:3      | You add the spells Mercury Vapours, Mephitic Cloud and
                  | Freezing Cloud to your library.
  2814 | D:3      | HP: 11/51 [orc/+0 flail (7)]
  3150 | D:3      | Found a shimmering altar of Xom.
  3296 | D:3      | HP: 12/51 [orc priest/divine providence (13)]
  3301 | D:3      | HP: 1/51 [orc priest/+0 short sword (5)]
  3302 | D:3      | Slain by an orc priest

Vanquished Creatures
  3 kobold brigands (Sewer)
  An orc wizard (D:3)
  7 adders
  4 river rats
  3 ribbon worms
  2 dart slugs
  9 orcs (D:3)
  11 ball pythons
  10 endoplasms
  6 giant cockroaches (D:3)
  2 goblins (D:1)
  4 hobgoblins
  5 jackals (D:1)
  2 quokkas (D:1)
  A bat (D:1)
  4 frilled lizards
  14 kobolds
  11 rats
99 creatures vanquished.

Vanquished Creatures (others)
  A hobgoblin (D:3)
1 creature vanquished.

Grand Total: 100 creatures vanquished

Table legend:
 A = Non-vault XP
 B = Vault XP
 C = Vault XP percentage of total XP
 D = Non-vault monster count
 E = Vault monster count
 F = Vault count percentage of total count
                 A         B        C        D         E       F
            +---------+---------+-------+---------+---------+-------
      Total |     148 |     495 |  77.0 |      53 |      46 |  46.5
            +---------+---------+-------+---------+---------+-------
        D:1 |      38 |       0 |   0.0 |      22 |       0 |   0.0
        D:2 |      17 |       0 |   0.0 |      11 |       0 |   0.0
        D:3 |      93 |      55 |  37.2 |      20 |      18 |  47.4
      Sewer |       0 |     440 | 100.0 |       0 |      28 | 100.0
            +---------+---------+-------+---------+---------+-------

Skill      XL: |  1  2  3  4  5  6 |
---------------+-------------------+-----
Ranged Weapons | 4 5 |  5.8
Fighting       | 3 4 5 |  5.3
Dodging        | |  1.7
Stealth        | |  0.8

Action                     |  1- 3 |  4- 6 || total
---------------------------+-------+-------++-------
   Fire: Shortbow          |   135 |   215 ||   350
    Use: Potion            |       |     2 ||     2
 Armour: Leather armour    |    30 |    52 ||    82
  Dodge: Dodged            |    26 |    49 ||    75

Illustrated notes

Table legend:
 A = Kills in this place as a percentage of kills in the entire game.
 B = Kills by you in this place as a percentage of kills by you in the entire game.
 C = Kills by friends in this place as a percentage of kills by friends in the entire game.
 D = Other kills in this place as a percentage of other kills in the entire game.
 E = Experience gained in this place as a percentage of experience gained in the entire game.
 F = Experience gained in this place divided by the number of levels of this place that you have seen.
                   A       B       C       D       E      F
               +-------+-------+-------+-------+-------+----------------------
         Total | 100.0 | 100.0 |   N/A |   N/A | 100.0 | 160.8
       Dungeon |  71.7 |  71.7 |   N/A |   N/A |  31.6 |  67.7
         Sewer |  28.3 |  28.3 |   N/A |   N/A |  68.4 | 440.0
               +-------+-------+-------+-------+-------+----------------------

Table legend: (Time is in decaauts)
 A = Elapsed time spent in this place.
 B = Non-inter-level travel time spent in this place.
 C = Inter-level travel time spent in this place.
 D = Time resting spent in this place.
 E = Time spent auto-exploring this place.
 F = Levels seen in this place.
 G = Mean time per level.
                   A        B        C        D        E       F      G
               +--------+--------+--------+--------+--------+-----+--------+
         Total |   3541 |   3394 |    147 |    516 |   1765 |   4 |  885.2 |
       Dungeon |   2452 |   2305 |    147 |    275 |   1372 |   3 |  817.3 |
         Sewer |   1089 |   1089 |      0 |    241 |    393 |   1 | 1089.0 |
               +--------+--------+--------+--------+--------+-----+--------+

Top non-repeatable levels by time:
   Sewer: 1089 daAuts
     D:3: 980 daAuts
     D:1: 953 daAuts
     D:2: 517 daAuts
